 Dungeon Crawl Stone Soup version 0.30-a0-553-g7fabdf1491 (webtiles) character file.

Game seed: 16649756605663677458

830 greenreed the Cudgeller (level 7, -5/61 HPs)
             Began as a Minotaur Fighter on Dec 26, 2022.
             Was an Initiate of Nemelex Xobeh.
             Splashed by a jelly's acid (7 damage)
             ... on level 5 of the Dungeon.
             The game lasted 00:07:05 (4231 turns).

greenreed the Cudgeller (Minotaur Fighter)          Turns: 4231, Time: 00:07:05

Health: -5/61      AC: -11   Str: 22    XL:     7   Next: 65%
Magic:  6/6        EV: 10    Int:  5    God:    Nemelex Xobeh [......]
Gold:   256        SH:  5    Dex: 16    Spells: 6/6 levels left

rFire   . . .      SeeInvis .    (no weapon)
rCold   . . .      Faith    .    c - +0 buckler
rNeg    . . .      Spirit   .    b - +0 scale mail
rPois   .          Reflect  .    (helmet restricted)
rElec   .          Harm     .    s - +0 cloak
rCorr   .          Rampage  .    (no gloves)
Will    .....                    (no boots) Stlth
                                 (no amulet)
HPRegen 0.30/turn                l - +6 ring of dexterity
MPRegen 0.10/turn                (no ring)

@: corroded
A: horns 2, retaliatory headbutt
a: Renounce Religion, Draw Escape, Draw Destruction, Draw Summoning


You were on level 5 of the Dungeon.
You worshipped Nemelex Xobeh.
Nemelex Xobeh was noncommittal.
You visited 2 branches of the dungeon, and saw 6 of its levels.

You collected 256 gold pieces.

Inventory:

Hand Weapons
 a - a +0 flail
Armour
 b - a +0 scale mail (worn)
 c - a +0 buckler (worn)
 s - a +0 cloak (worn)
Jewellery
 k - a ring of ice
 l - a +6 ring of dexterity (left hand)
Wands
 d - a wand of light (3)
 u - a wand of flame (42)
Scrolls
 e - 6 scrolls of identify {unknown}
 i - 3 scrolls of enchant armour {unknown}
 j - a scroll of magic mapping {unknown}
 n - a scroll of fog {unknown}
 p - 2 scrolls of fear {unknown}
 r - 3 scrolls of enchant weapon {unknown}
 t - a scroll of blinking {unknown}
 w - 2 scrolls of vulnerability {unknown}
 x - a scroll of amnesia {unknown}
Potions
 f - 3 potions of heal wounds {unknown}
 g - a potion of curing
 h - a potion of haste {unknown}
 m - 2 potions of mutation {unknown}
 o - a potion of invisibility {unknown}
 q - a potion of resistance {unknown}
 v - a potion of ambrosia {unknown}


   Skills:
 * Level 5.5 Fighting
 * Level 7.6 Maces & Flails
 + Level 5.9 Armour
 + Level 1.4 Dodging
 + Level 0.7 Stealth
 + Level 4.6 Shields


You had 6 spell levels left.
You didn't know any spells.
Your spell library contained the following spells:

 Spells                   Type           Power      Damage    Failure   Level
 Freeze                   Ice            0%         1d3       86%         1
 Dazzling Flash           Conj/Hex       0%         N/A       99%         3
 Frozen Ramparts          Ice            0%         1d1       99%         3
 Hailstorm                Conj/Ice       0%         3d3       99%         3
 Ozocubu's Armour         Ice            0%         N/A       99%         3
 Agony                    Necr           0%         N/A       100%        5
 Silence                  Hex/Air        0%         N/A       100%        5
 Ozocubu's Refrigeration  Ice            0%         4d7       100%        7


Dungeon Overview and Level Annotations

Branches:
Dungeon (5/15)             Temple (1/1) D:5

Altars:
Ashenzari
Cheibriados
Dithmenos
Elyvilon
Fedhas
Gozag
Hepliaklqana
Kikubaaqudgha
Makhleb
Nemelex Xobeh
Qazlal
Ru
Sif Muna
Trog
Uskayaw
Vehumet
Xom
Zin
The Shining One

Annotations:
D:2 Robin
D:4 2 transporters, Newt's ghost, amateur DsGl


Innate Abilities, Weirdness & Mutations

You have a pair of horns on your head.
You reflexively headbutt those who attack you in melee.


Message History

The jelly is almost dead.
The jelly hits you. The acid corrodes you!
You are splashed with acid!
You hit the jelly but do no damage. The acid corrodes you!
Your hands burn!
You headbutt the jelly, but do no damage.
The jelly is almost dead.
The jelly jiggles.
You block the jelly's attack.
You hit the jelly but do no damage. The acid corrodes you!
Your hands burn!
The jelly is almost dead.
The jelly hits you.
You are splashed with acid.
* * * LOW HITPOINT WARNING * * *
You are now empty-handed.
Really attack while wielding nothing? [Y]es or [N]o only, please.
Really attack while wielding nothing?
You barely miss the jelly.
You headbutt the jelly, but do no damage.
The jelly is almost dead.
The jelly barely misses you. You furiously retaliate!
You headbutt the jelly, but do no damage.
You hit the jelly but do no damage.
Your hands burn!
* * * LOW HITPOINT WARNING * * *
The jelly is almost dead.
You block the jelly's attack. The jelly completely misses you.
You hit the jelly but do no damage.
Your hands burn!
* * * LOW HITPOINT WARNING * * *
The jelly is almost dead.
You block the jelly's attack.
You hit the jelly but do no damage.
Your hands burn!
* * * LOW HITPOINT WARNING * * *
The jelly is almost dead.
The jelly closely misses you.
You hit the jelly but do no damage. The acid corrodes you!
Your hands burn!
* * * LOW HITPOINT WARNING * * *
The jelly is almost dead.
The jelly hits you.
* * * LOW HITPOINT WARNING * * *
You are splashed with acid!
You die...
Your body disappears without a glow.

###############
#...@J........#
#.###########.#######
#.# #.##.....
#########.# #.##.....
#.......#.#
######........
#.#####.#.#
#............. #.#
#.#.# #.#######.....
#.# #..)######.#
#..... #.#
#..........# #.....


You could see a jelly.

Vanquished Creatures
  Sigmund (D:2)
  Menkaure (D:4)
  A black bear (D:5)
  An ogre (D:5)
  A centaur (D:4)
  A gnoll bouda (D:5)
  Crazy Yiuf (D:3)
  A jelly (D:5)
  7 gnolls (D:5)
  6 adders
  A white imp (D:4)
  4 worms
  2 dart slugs
  3 orcs
  6 ball pythons
  A bat (D:1)
  3 endoplasms
  2 giant cockroaches
  8 hobgoblins
  4 jackals (D:2)
  4 quokkas
  4 frilled lizards
  7 goblins
  9 kobolds
  2 rats
81 creatures vanquished.

Vanquished Creatures (others)
  A goblin (D:2)
  6 plants (D:4)
7 creatures vanquished.

Grand Total: 88 creatures vanquished

Notes
Turn   | Place    | Note
-------+----------+-------------------------------------------
     0 | D:1      | greenreed the Minotaur Fighter began the quest for the Orb.
     0 | D:1      | Reached XP level 1. HP: 19/19 MP: 0/0
   231 | D:1      | Reached XP level 2. HP: 27/27 MP: 1/1
   644 | D:2      | You fall into a shaft and drop 2 floors!
   736 | D:3      | Reached XP level 3. HP: 17/33 MP: 2/2
   945 | D:3      | Reached skill level 3 in Maces & Flails
   990 | D:3      | Found a blossoming altar of Fedhas.
  1072 | D:2      | Noticed Sigmund
  1079 | D:2      | Killed Sigmund
  1080 | D:2      | Reached skill level 4 in Maces & Flails
  1080 | D:2      | Reached XP level 4. HP: 37/41 MP: 3/3
  1080 | D:2      | Reached XP level 5. HP: 42/47 MP: 4/4
  1122 | D:2      | Noticed Robin
  1138 | D:2      | Reached skill level 5 in Maces & Flails
  1164 | D:2      | HP: 2/47 [poisoned by a hobgoblin]
  2030 | D:3      | Found an ancient bone altar of Kikubaaqudgha.
  2267 | D:3      | Reached XP level 6. HP: 53/53 MP: 5/5
  2319 | D:3      | Found a runed translucent door.
  2320 | D:3      | Noticed Crazy Yiuf
  2430 | D:3      | Killed Crazy Yiuf
  2431 | D:3      | Reached skill level 1 in Dodging
  2835 | D:4      | Reached skill level 6 in Maces & Flails
  2835 | D:4      | Reached skill level 5 in Armour
  2873 | D:4      | Found a glowing golden altar of the Shining One.
  2950 | D:4      | Identified the +4 spear of Starshine {venom, rElec Str+4
                  | Dex+3}
  3010 | D:4      | Found a transporter.
  3412 | D:4      | Noticed Menkaure
  3418 | D:4      | Killed Menkaure
  3419 | D:4      | Reached skill level 5 in Fighting
  3419 | D:4      | Reached XP level 7. HP: 33/61 MP: 6/6
  3577 | D:4      | Found a transporter.
  3593 | D:4      | Noticed Newt's ghost (amateur DsGl)
  3680 | D:5      | Entered Level 5 of the Dungeon
  3763 | D:5      | Reached skill level 7 in Maces & Flails
  3872 | D:5      | Found a staircase to the Ecumenical Temple.
  3907 | Temple   | Entered the Ecumenical Temple
  4025 | Temple   | Became a worshipper of Nemelex Xobeh the Trickster
  4231 | D:5      | HP: 2/61 [jelly (3)]
  4231 | D:5      | Splashed by a jelly's acid

Illustrated notes

Levels and vault maps discovered:
D:1:      spicycebolla_green_bress_n_ham, layout_loops_cross, serial_glass,
          glass_columns_c, glass_columns_a, minmay_strange_pillars,
          due_unseen_surprise, feat_on_display
D:2:      layout_loops_ring, uniq_robin, uniq_sigmund
D:3:      layout_rooms, grunt_temple_overflow_growth_and_decay,
          chequers_mini_garden, bh_walls_and_bars, uniq_crazy_yiuf_cottage
D:4:      layout_basic, overflow_temple_1_default,
          gammafunk_ghost_gnarly_gnolls, minmay_misc_feat_x, uniq_menkaure
D:5:      layout_loops_ring, minmay_temple_entry_large_hall
Temple:   nicolae_temple_superstar

Skill      XL: |  1  2  3  4  5  6  7 |
---------------+----------------------+-----
Fighting       | 4 5 |  5.5
Armour         | 4 5 |  5.9
Shields        | 4 |  4.6
Maces & Flails | 4 5 6 7 |  7.6
Dodging        | 1 |  1.4
Stealth        | |  0.7

Action                   |  1- 3 |  4- 6 |  7- 9 || total
-------------------------+-------+-------+-------++-------
Melee: Flail             |    61 |   103 |    48 ||   212
       Headbutt          |     7 |    12 |    16 ||    35
       Unarmed           |       |       |     5 ||     5
  Use: Potion            |     1 |     1 |       ||     2
Armor: Scale mail        |    25 |    53 |    16 ||    94
Dodge: Dodged            |    22 |    46 |    20 ||    88
Block: Buckler           |    14 |    22 |    13 ||    49

Table legend: (Time is in decaauts)
 A = Elapsed time spent in this place.
 B = Non-inter-level travel time spent in this place.
 C = Inter-level travel time spent in this place.
 D = Time resting spent in this place.
 E = Time spent auto-exploring this place.
 F = Levels seen in this place.
 G = Mean time per level.
                   A        B        C        D        E       F      G
               +--------+--------+--------+--------+--------+-----+--------+
         Total |   4271 |   4078 |    193 |    376 |   3101 |   6 |  711.8 |
       Dungeon |   4061 |   3892 |    169 |    275 |   3033 |   5 |  812.2 |
        Temple |    209 |    185 |     24 |    101 |     68 |   1 |  209.0 |
               +--------+--------+--------+--------+--------+-----+--------+

Top non-repeatable levels by time:
     D:4: 1141 daAuts
     D:3: 943 daAuts
     D:1: 852 daAuts
     D:2: 779 daAuts
     D:5: 344 daAuts
  Temple: 209 daAuts
